 Dungeon Sprint DCSS version 0.20-a0-208-g55166f7 (webtiles) character file.

58 Faca the Shield-Bearer (level 4, -5/39 HPs)
             Began as a Formicid Fighter on Nov 25, 2016.
             Splashed by an oklob sapling priest's acid (10 damage)
             ... in the Dungeon (Sprint IV: "Fedhas' Mad Dash").
             The game lasted 00:01:58 (419 turns).

Faca the Shield-Bearer (Formicid Fighter)            Turns: 419, Time: 00:01:59

Health: -5/39      AC:  3    Str: 21    XL:     4   Next: 21%
Magic:  3/4        EV:  8    Int:  7    God:
Gold:   41         SH: 10    Dex: 11    Spells: 3/3 levels left

rFire  . . .     SeeInvis +     a - +0 war axe
rCold  . . .     Gourm    .     b - +0 scale mail
rNeg   . . .     Faith    .     c - +0 shield
rPois  .         Spirit   .     (helmet unavailable)
rElec  .         Reflect  .     (no cloak)
rCorr  .         Harm     .     (no gloves)
MR     .....                    (no boots)
Stlth  ..........               h - amulet of invisibility {+Inv}
                                (no ring)
                                (no ring)

@: corroded, very slightly contaminated
A: permanent stasis, dig shafts and tunnels, four strong arms, antennae 3
a: Dig, Evoke Invisibility


You were in the Dungeon.
You were not hungry.

You visited 1 branch You collected 41 gold pieces.

Inventory:

Hand Weapons
 a - a +0 war axe (weapon)
Armour
 b - a +0 scale mail (worn)
 c - a +0 shield (worn)
Jewellery
 h - the amulet of invisibility (around neck) {+Inv}
   (You found it in the Dungeon)

   [amulet of nothing]

   It lets you turn invisible.
Potions
 d - a potion of might
 e - a potion of curing
 g - a potion of heal wounds
 i - 2 potions of magic
Comestibles
 f - a bread ration


   Skills:
 + Level 5.2 Fighting
 + Level 3.4 Axes
 + Level 5.7 Armour
 + Level 0.3 Dodging
 + Level 5.8 Shields


You had 3 spell levels left.
You didn't know any spells.

Dungeon Overview and Level Annotations

Branches:
Dungeon (1/1)

Altars:
Cheibriados
Dithmenos
Elyvilon
Gozag
Hepliaklqana
Kikubaaqudgha
Makhleb
Nemelex Xobeh
Okawaru
Qazlal
Ru
Sif Muna
Trog
Uskayaw
Vehumet
Xom
Yredelemnul
Zin
The Shining One
Beogh
Jiyva
Lugonu

Annotations:
D exclusion: oklob sapling


Innate Abilities, Weirdness & Mutations

You cannot be hasted, slowed, berserked, paralysed or teleported.
You can dig through walls and to a lower floor.
Your four strong arms can wield two-handed weapons with a shield.
You have a pair of large antennae on your head. (SInv)


Message History

The oklob sapling priest is heavily damaged.
You hit the oklob sapling priest.
The oklob sapling priest is severely damaged.
You flicker back into view.
The oklob sapling priest spits acid at you.
The splash of acid hits you! The acid corrodes you!
You are splashed with acid!
The acid burns!
You hit the oklob sapling priest but do no damage.
The oklob sapling priest is severely damaged.
The oklob sapling priest spits acid at you.
You block the splash of acid.
You hit the oklob sapling priest.
The oklob sapling priest is severely damaged.
The oklob sapling priest spits acid at you.
The splash of acid misses you.
The oklob sapling priest spits acid at you.
The splash of acid hits you!
* * * LOW HITPOINT WARNING * * *
You are splashed with acid!
The acid burns!
You die...

########################
....#.....#.⌠._._._._.⌠.
!...'.#().'.._._@_._._..
....#.#...#..._._P_._...
########+##.._._._._._..
#.⌠._._._._.⌠. {
############## { { {


You could see an oklob sapling priest.

Vanquished Creatures
  An oklob sapling (D)
  A worker ant (D)
  A river rat (D)
  A rat (D)
  2 fungi (D)
6 creatures vanquished.

Notes
Turn   | Place    | Note
-------+----------+-------------------------------------------
     0 | D        | Faca the Formicid Fighter began the quest for the Orb.
     0 | D        | Reached XP level 1. HP: 18/18 MP: 1/1
    15 | D        | Reached XP level 2. HP: 23/25 MP: 2/2
    73 | D        | Noticed an oklob sapling
    83 | D        | Killed an oklob sapling
    83 | D        | Reached skill level 5 in Armour
    83 | D        | Reached skill level 5 in Shields
    83 | D        | Reached XP level 3. HP: 13/32 MP: 3/3
   277 | D        | Reached skill level 5 in Fighting
   277 | D        | Reached XP level 4. HP: 25/39 MP: 4/4
   397 | D        | Found an opulent altar of Gozag.
   397 | D        | Found a hazy altar of Hepliaklqana.
   397 | D        | Found a burning altar of Makhleb.
   397 | D        | Found a roughly hewn altar of Beogh.
   397 | D        | Found a sparkling altar of Nemelex Xobeh.
   397 | D        | Found a snail-covered altar of Cheibriados.
   397 | D        | Found a sacrificial altar of Ru.
   397 | D        | Found a deep blue altar of Sif Muna.
   397 | D        | Found a shimmering altar of Xom.
   397 | D        | Found a basalt altar of Yredelemnul.
   398 | D        | Found a viscous altar of Jiyva.
   398 | D        | Found a bloodstained altar of Trog.
   398 | D        | Noticed an oklob sapling priest
   406 | D        | Found an iron altar of Okawaru.
   406 | D        | Found a shadowy altar of Dithmenos.
   406 | D        | Found a glowing silver altar of Zin.
   407 | D        | Found an ancient bone altar of Kikubaaqudgha.
   407 | D        | Found a hide-covered altar of Uskayaw.
   408 | D        | Found a stormy altar of Qazlal.
   408 | D        | Found a white marble altar of Elyvilon.
   408 | D        | Found a glowing golden altar of the Shining One.
   409 | D        | Found a corrupted altar of Lugonu.
   409 | D        | Found a radiant altar of Vehumet.
   419 | D        | Splashed by an oklob sapling priest's acid

Vault maps used:
D:        dungeon_sprint_fedhas

Skill      XL: |  1  2  3 |
---------------+----------+-----
Fighting       | 4 5 |  5.2
Armour         | 4 5 |  5.7
Shields        | 4 5 |  5.8
Axes           | 3 |  3.4
Dodging        | |  0.3

Action                   |  1- 3 |  4- 6 || total
-------------------------+-------+-------++-------
Melee: War axe           |    23 |     8 ||    31
 Abil: Evoke Invisibilit |       |     1 ||     1
 Stab: Invisible         |       |     1 ||     1
Armor: Scale mail        |     3 |       ||     3
Dodge: Dodged            |     6 |     3 ||     9
Block: Shield            |    10 |     2 ||    12
